 Dungeon Crawl Stone Soup version 0.23.2-40-g277498a001 (webtiles) character file.

Game seed: 7454495723879660420

91 Destapler the Vandal (level 4, -1/45 HPs)
             Began as a Halfling Hunter on Aug 19, 2019.
             Slain by Crazy Yiuf
             ... wielding a +3 quarterstaff of chaos
              (12 damage)
             ... on level 2 of the Dungeon.
             The game lasted 00:12:43 (1924 turns).

Destapler the Vandal (Halfling Hunter)              Turns: 1924, Time: 00:12:44

Health: -1/45      AC: 22    Str: 13    XL:     4   Next: 88%
Magic:  4/4        EV:  3    Int:  9    God:
Gold:   101        SH:  0    Dex: 15    Spells: 3/3 levels left

rFire    . . .     SeeInvis .   b - +0 short sword
rCold    . . .     Gourm    .   (shield restricted)
rNeg     + + +     Faith    .   (armour currently unavailable)
rPois    +         Spirit   .   (helmet currently unavailable)
rElec    .         Reflect  .   (cloak currently unavailable)
rCorr    .         Harm     .   (gloves currently unavailable)
MR       .....     NoTele   +   (boots currently unavailable)
Stlth    +++.......             (no amulet)
HPRegen  0.15/turn              r - ring of stealth
MPRegen  0.09/turn              (no ring)

@: tree-form
A: small, mutation resistance 1
a: no special abilities


You were on level 2 of the Dungeon.
You were not hungry.
You were a tree.
You visited 1 branch of the dungeon, and saw 2 of its levels.

You collected 101 gold pieces.

Inventory:

Hand Weapons
 a - a +2 hunting sling of freezing
 b - a +0 short sword (weapon)
Missiles
 d - 14 sling bullets
 o - 20 stones (quivered)
Armour
 c - a +0 leather armour (melded)
 s - a +0 pair of gloves (melded)
Jewellery
 r - a ring of stealth (left branch)
Scrolls
 e - a scroll of magic mapping {unknown}
 h - a scroll of fear {unknown}
 i - 2 scrolls of identify
 j - a scroll of fog {unknown}
 k - a scroll of blinking {unknown}
 m - 2 scrolls of remove curse {unknown}
 p - a scroll of teleportation {unknown}
 t - a scroll of enchant armour {unknown}
Potions
 l - a potion of cancellation
 n - a potion of mutation
 q - a potion of curing
Comestibles
 f - 5 rations
 g - a chunk of flesh


   Skills:
 + Level 2.3 Fighting
 + Level 1.7 Short Blades
 + Level 6.3 Slings
 + Level 1.4 Armour
 + Level 2.9 Dodging
 + Level 2.1 Stealth


You had 3 spell levels left.
You didn't know any spells.
Your spell library was empty.

Dungeon Overview and Level Annotations

Branches:
Dungeon (2/15)

Altars:
Qazlal

Annotations:
D:2 Crazy Yiuf, Sigmund


Innate Abilities, Weirdness & Mutations

You are small and have problems with some larger weapons.
You are somewhat resistant to further mutation.


Message History

You barely miss Crazy Yiuf.
Crazy Yiuf is moderately wounded.
Crazy Yiuf barely misses you.
You hit Crazy Yiuf but do no damage.
Crazy Yiuf is moderately wounded.
Crazy Yiuf barely misses you.
You barely miss Crazy Yiuf.
Crazy Yiuf is moderately wounded.
Crazy Yiuf hits you with a +3 quarterstaff of chaos!
Really quaff the potion of lignification?
You turn into a tree.
Your +0 pair of gloves melds into your body.
Your +0 leather armour melds into your body.
Your roots penetrate the ground.
Crazy Yiuf hits you but does no damage.
You are electrocuted!
* * * LOW HITPOINT WARNING * * *
You hit Crazy Yiuf but do no damage.
Crazy Yiuf is moderately wounded.
Crazy Yiuf hits you but does no damage.
You are electrocuted!
You die...

♣♣♣♣♣###
#####♣♣♣.♣....##
#####
#...#♣..♣......#####
....##
#.g♣'.♣♣♣♣.........#
.....## #)..#♣♣
♣♣........# ......#
##### ♣♣###....#
......# #.[...#
......###### #.....#
...........### ##
###....<#
.......>.....# .
#..##.###
.............# #.
#.##..# ..........##
#.###.##.##.####


You could see Crazy Yiuf.

Vanquished Creatures
  Natasha (D:2)
  An adder (D:2)
  A dart slug (D:1)
  2 worms (D:2)
  4 giant cockroaches
  3 goblins (D:1)
  8 hobgoblins
  3 jackals
  7 kobolds
  A quokka (D:2)
  2 ball pythons (D:1)
  6 bats
  6 frilled lizards (D:1)
  7 rats
52 creatures vanquished.

Notes
Turn   | Place    | Note
-------+----------+-------------------------------------------
     0 | D:1      | Destapler the Halfling Hunter began the quest for the Orb.
     0 | D:1      | Reached XP level 1. HP: 14/14 MP: 1/1
   100 | D:1      | Reached XP level 2. HP: 19/19 MP: 2/2
   111 | D:1      | Reached skill level 6 in Slings
   229 | D:1      | Reached skill level 1 in Short Blades
   268 | D:1      | Reached XP level 3. HP: 21/24 MP: 3/3
   457 | D:1      | Reached skill level 1 in Armour
   997 | D:2      | Noticed Sigmund
  1218 | D:2      | Reached XP level 4. HP: 26/29 MP: 4/4
  1274 | D:2      | Found a stormy altar of Qazlal.
  1474 | D:2      | Noticed Natasha
  1501 | D:2      | Killed Natasha
  1907 | D:2      | Found a runed translucent door.
  1908 | D:2      | Noticed Crazy Yiuf
  1924 | D:2      | Slain by Crazy Yiuf

Skill      XL: |  1  2  3  4 |
---------------+-------------+-----
Slings         | 6 |  6.3
Fighting       | 2 |  2.3
Short Blades   | 1 |  1.7
Armour         | 1 |  1.4
Stealth        | 2 |  2.1
Dodging        | |  2.9

Action                   |  1- 3 |  4- 6 || total
-------------------------+-------+-------++-------
Melee: Short sword       |    95 |    35 ||   130
 Fire: Hunting sling     |    40 |    15 ||    55
Throw: Stone             |     5 |     6 ||    11
  Use: Scroll            |       |     4 ||     4
       Potion            |       |     2 ||     2
 Stab: Sleeping          |     1 |       ||     1
  Eat: Chunk             |     1 |     2 ||     3
Armor: Leather armour    |    13 |     6 ||    19
       Skin              |       |     2 ||     2
Dodge: Dodged            |    80 |    32 ||   112
